 Dungeon Crawl Stone Soup version 0.19-a0-1170-g18f0c96 (webtiles) character file.

793 stebot the Ducker (level 7, 0/51 HPs)
             Began as a Vampire Gladiator on Aug 16, 2016.
             Was a Believer of Uskayaw.
             Slain by an orc
             ... wielding a +1 hand axe of freezing
              (1 damage)
             ... on level 6 of the Dungeon.
             The game lasted 00:19:33 (5713 turns).

stebot the Ducker (Vampire Gladiator)               Turns: 5713, Time: 00:19:34

Health: 0/51       AC:  4    Str: 14 (15) XL:     7   Next: 57%
Magic:  8/8        EV: 17    Int:  9 (12) God:    Uskayaw [**....]
Gold:   373        SH:  0    Dex: 17 (18) Spells: 0 memorised, 6 levels left

rFire  . . .     SeeInvis +     a - +0 long sword
rCold  + . .     Gourm    .     b - +0 leather armour
rNeg   + + .     Faith    .     (no shield)
rPois  +         Spirit   .     c - +0 helmet
rElec  .         Dismiss  .     (no cloak)
rCorr  .         Reflect  .     (no gloves)
MR     .....     Harm     .     (no boots)
Stlth  ++........               (no amulet)
                                q - ring of see invisible
                                i - +1 ring of evasion

@: regenerating slowly
A: fangs 3, hooves 1, thin skeletal structure 1, see invisible, clever 1, high
mp 2, unbreathing
a: Bat Form, Stomp, Line Pass, Renounce Religion


You were on level 6 of the Dungeon.
You worshipped Uskayaw.
Uskayaw was noncommittal.
You were very thirsty.

You visited 2 branches of the dungeon, and saw 7 of its levels.

You collected 373 gold pieces.

Inventory:

Hand Weapons
 a - a +0 long sword (weapon)
Missiles
 d - 4 throwing nets (quivered)
Armour
 b - a +0 leather armour (worn)
 c - a +0 helmet (worn)
 g - a +0 helmet
Jewellery
 i - a +1 ring of evasion (left hand)
 q - a ring of see invisible (right hand)
Wands
 e - a wand of disintegration (3/24)
 k - a wand of lightning (6/15)
 r - a wand of digging (0/24)
Scrolls
 f - a scroll of enchant armour {unknown}
 h - a scroll of blinking
 j - 2 scrolls of amnesia
 l - 2 scrolls of identify
 n - 4 scrolls of remove curse
 s - a scroll of fog {unknown}
Potions
 m - a potion of curing
 o - a potion of might
 t - a potion of flight
 u - a potion of resistance {unknown}
 v - a potion of lignification {unknown}


   Skills:
 + Level 2.9 Fighting
 * Level 5.5 Long Blades
 * Level 3.0 Throwing
 + Level 1.8 Armour
 * Level 6.3 Dodging
 + Level 1.9 Stealth


You had 6 spell levels left.
You didn't know any spells.

Dungeon Overview and Level Annotations

Branches:
Dungeon (6/15)             Temple (1/1) D:5

Altars:
Ashenzari
Elyvilon
Gozag
Hepliaklqana
Kikubaaqudgha
Okawaru
Pakellas
Qazlal
Ru
Sif Muna
Trog
Uskayaw
Vehumet
Xom
Zin
The Shining One

Annotations:
D:4 e25's ghost, amateur DsGl


Innate Abilities, Weirdness & Mutations

You heal slowly.
You have razor-sharp teeth.
You have supernaturally acute eyesight. (SInv)
You can survive without breathing.
You have large cloven feet.
You have a somewhat thin skeletal structure. (Dex +2, Stealth)
Your mind is acute. (Int +2)
You have a considerably increased reservoir of magic. (+20% MP)


Message History

You kick the orc warrior, but do no damage.
The orc wizard hits you with a dagger.
* * * LOW HITPOINT WARNING * * *
The orc hits you with a hand axe of freezing.
* * * LOW HITPOINT WARNING * * *
The orc warrior barely misses you.
You riposte.
You hit the orc warrior.
The orc warrior is lightly wounded.
The orc priest misses you.
You riposte.
You hit the orc priest but do no damage.
Your kick misses the orc priest. Your bite misses the orc priest.
The orc priest is lightly wounded.
The orc wizard casts a spell.
The orc wizard seems to speed up.
You can now pass through a line of other dancers.
You slash the orc warrior! Your kick misses the orc warrior.
The orc warrior is heavily wounded.
The orc hits you with a hand axe of freezing.
* * * LOW HITPOINT WARNING * * *
The orc freezes you.
You die...

#.######
#......#
######.# #.#
######.####
#......ooo###.##
#.####..@oo.....
#. #..###.[...
#. #..# .... #.
##.# o.. #. #..
.. #. ###. # #.
.


You could see an orc warrior, an orc priest, an orc wizard and 2 orcs.

Vanquished Creatures
  Menkaure (D:5)
  An orc warrior (D:5)
  A sky beast (D:5)
  An ogre (D:3)
  A big kobold (D:3)
  A scorpion (D:4)
  A jelly (D:5)
  2 giant frog skeletons (D:5)
  A hound (D:5)
  An iguana (D:5)
  4 adders
  A howler monkey skeleton (D:5)
  A worm (D:2)
  2 dart slugs (D:1)
  2 giant geckos
  4 orcs
  9 bats
  7 giant cockroaches
  7 goblins
  7 hobgoblins
  11 jackals
  10 kobolds
  A quokka (D:2)
  3 ball pythons
  A giant cockroach zombie (D:5)
  A giant gecko zombie (D:6)
  4 giant newts
  8 rats
94 creatures vanquished.

Notes
Turn   | Place    | Note
-------+----------+-------------------------------------------
     0 | D:1      | stebot the Vampire Gladiator began the quest for the Orb.
     0 | D:1      | Reached XP level 1. HP: 16/16 MP: 1/1
   247 | D:1      | Reached XP level 2. HP: 13/22 MP: 2/2
   985 | D:2      | Reached XP level 3. HP: 26/27 MP: 3/3
  1338 | D:2      | You fall through a shaft!
  1344 | D:3      | Reached skill level 4 in Dodging
  1346 | D:3      | Reached XP level 4. HP: 33/33 MP: 4/4
  1881 | D:3      | Found an oddly glowing altar of Pakellas.
  1948 | D:3      | Noticed a big kobold
  1951 | D:3      | Noticed an ogre
  1956 | D:3      | Killed a big kobold
  1956 | D:3      | Reached XP level 5. HP: 29/38 MP: 5/5
  1958 | D:3      | Killed an ogre
  2558 | D:4      | Reached skill level 5 in Dodging
  2558 | D:4      | Reached XP level 6. HP: 32/45 MP: 6/6
  2965 | D:4      | Noticed e25's ghost (amateur DsGl)
  2977 | D:4      | HP: 2/45 [e25's ghost (13)]
  2983 | D:4      | Gained mutation: You have a somewhat thin skeletal structure. (Dex +2, Stealth) [potion of mutation]
  2983 | D:4      | Gained mutation: You have an increased reservoir of magic. (+10% MP) [potion of mutation]
  2983 | D:4      | Gained mutation: You have large cloven feet. [potion of mutation]
  3300 | D:5      | Entered Level 5 of the Dungeon
  3383 | D:5      | Reached skill level 1 in Armour
  3437 | D:5      | Noticed Menkaure
  3450 | D:5      | Gained mutation: Your mind is acute. (Int +2) [potion of beneficial mutation]
  3451 | D:5      | Gained mutation: You have a considerably increased reservoir of magic. (+20% MP) [potion of mutation]
  3456 | D:5      | Killed Menkaure
  3456 | D:5      | Reached skill level 5 in Long Blades
  3456 | D:5      | Reached skill level 1 in Stealth
  3700 | D:5      | Noticed a sky beast
  3798 | D:5      | Killed a sky beast
  3798 | D:5      | Reached XP level 7. HP: 13/51 MP: 8/8
  4524 | D:5      | Found a staircase to the Ecumenical Temple.
  4548 | Temple   | Entered the Ecumenical Temple
  4609 | Temple   | Became a worshipper of Uskayaw the Reveler
  4673 | D:5      | Reached * piety under Uskayaw
  4857 | D:5      | Reached ** piety under Uskayaw
  4860 | D:5      | Reached skill level 6 in Dodging
  5713 | D:6      | HP: 1/51 [orc/hand axe of freezing (5)]
  5713 | D:6      | Slain by an orc

Vault maps used:
D:1:      minmay_arrival_three_doors
D:2:      minmay_wonky_spiral, minmay_pentomino_p2
D:3:      first_bread, johnstein_pakellas_dig
D:4:      kennysheep_generic_room_7
D:5:      minmay_large_rounded_square, uniq_menkaure
D:6:      kb_lookout_dungeons_type
Temple:   nicolae_temple_x_marks_the_god

Skill      XL: |  1  2  3  4  5  6  7 |
---------------+----------------------+-----
Long Blades    | 4 5 |  5.5
Dodging        | 4 5 6 |  6.3
Fighting       | 2 |  2.9
Throwing       | 2 3 |  3.0
Armour         | 1 |  1.8
Stealth        | 1 |  1.9

Action                   |  1- 3 |  4- 6 |  7- 9 || total
-------------------------+-------+-------+-------++-------
Melee: Long sword        |   134 |   173 |    97 ||   404
       Bite              |     9 |    28 |    10 ||    47
       Unarmed           |       |    18 |       ||    18
       Kick              |       |    15 |    28 ||    43
Throw: Throwing net      |       |       |     1 ||     1
 Abil: End Transformatio |       |     1 |       ||     1
       Bat Form          |       |     1 |       ||     1
Evoke: Wand              |       |     1 |     2 ||     3
  Use: Scroll            |     3 |     4 |     1 ||     8
       Potion            |       |    11 |     2 ||    13
 Stab: Sleeping          |       |     1 |       ||     1
  Eat: Corpse            |     3 |     6 |     4 ||    13
Armor: Leather armour    |    35 |    24 |     8 ||    67
Dodge: Dodged            |    85 |   123 |    62 ||   270
